[Event "Rapid Tournament"]
[Site "Biel, Switzerland"]
[Date "2021.07.25"]
[Round "1.1"]
[White "Studer, Noël"]
[Black "Kamsky, Gata"]
[Result "0-1"]
[TimeControl "15min + 5 sec per move"]
[WhiteTitle "GM"]
[BlackTitle "GM"]
[WhiteFideId "1319620"]
[BlackFideId "2000024"]
[WhiteElo "2431"]
[BlackElo "2701"]

1. d4 f5 2. c4 Nf6 3. g3 g6 4. Bg2 Bg7 5. Nf3 d6 6. O-O O-O 7. Nc3 c6 8. Re1 Na6 9. a3 Ne4 10.
Qb3 Kh8 11. Be3 Nxc3 12. bxc3 e5 13. Bg5 Qe8 14. e4 f4 15. gxf4 h6 16. fxe5 hxg5 17. exd6 g4 18. Nd2 Qf7 19.
Re2 Nc5 20. dxc5 Be5 21. Rb1 Rb8 22. Qa4 a6 23. Qa5 Bd7 24. Qc7 Rfc8 25. Qa5 Be6 26. Nf1 Bxc4 27. Reb2 Bxf1 28. Kxf1 Rf8 29.
Qc7 Qc4+ 30. Kg1 Qxc5 31. Rd1 b5 32. Qe7 Rf6 33. Rf1 Rbf8 34. Rd2 Bxd6 35. Qd7 Qe5 36. f4 gxf3 37. Qh3+ Kg8 38.
Bxf3 Qxc3 39. Rg2 Kg7 40. Qh5 Qc5+ 0-1

[Event "Rapid Tournament"]
[Site "Biel, Switzerland"]
[Date "2021.07.25"]
[Round "1.2"]
[White "Keymer, Vincent"]
[Black "Lagarde, Maxime"]
[Result "0-1"]
[TimeControl "15min + 5 sec per move"]
[WhiteTitle "GM"]
[BlackTitle "GM"]
[WhiteFideId "12940690"]
[BlackFideId "662399"]
[WhiteElo "2543"]
[BlackElo "2684"]

1. d4 f5 2. Nf3 Nf6 3. g3 g6 4. Bg2 Bg7 5. O-O O-O 6. b3 b6 7. Bb2 Bb7 8. c4 e6 9. Nc3 Ne4 10. Rc1 d6 11. Qd3 Nd7 12. Nd2 d5 13. Nf3 c6 14.
e3 Qe7 15. Ne2 a5 16. Qc2 Rfc8 17. Rfd1 a4 18. Ne1 axb3 19. axb3 Ra2 20. Ra1 Rca8 21. Rxa2 Rxa2 22. Nd3 c5 23.
cxd5 exd5 24. Qb1 Ra8 25. dxc5 bxc5 26. Ndf4 Ndf6 27. Qc1 Ra2 28. Bxf6 Bxf6 29. Bxe4 Qxe4 30. Qxc5 d4 31. Kf1 Qh1+ 32. Ng1 Ba6+ 33. Nd3 Bxd3+ 34. Rxd3 Ra1+ 35. Ke2 Qxg1 36. Qc8+ Kg7 37. Qc7+ Kh6 38. Qf4+ Bg5 39. Qxd4 Rf1 40.
e4 Re1+ 0-1

[Event "Rapid Tournament"]
[Site "Biel, Switzerland"]
[Date "2021.07.25"]
[Round "1.3"]
[White "Nihal, Sarin"]
[Black "Alekseenko, Kirill"]
[Result "1-0"]
[TimeControl "15min + 5 sec per move"]
[WhiteTitle "GM"]
[BlackTitle "GM"]
[WhiteFideId "25092340"]
[BlackFideId "4135539"]
[WhiteElo "2418"]
[BlackElo "2661"]

1. b3 d5 2. Bb2 Bf5 3. d3 e6 4. Nd2 Nf6 5. g3 h6 6. Bg2 Be7 7. e4 Bh7 8. Nh3 a5 9. a3 c5 10.
O-O O-O 11. Nf4 Nc6 12. exd5 exd5 13. Re1 a4 14. Bxf6 Bxf6 15. Rb1 Ne7 16. bxa4 Qd7 17. c4 Bg5 18. Nxd5 Nxd5 19. Bxd5 Qxa4 20. Qxa4 Rxa4 21. Ne4 Bxe4 22. dxe4 Rxa3 23. Rxb7 Bd2 24.
Re2 Bc3 25. Kg2 Bd4 26. e5 Ra6 27. f4 Ra1 28. f5 Rg1+ 29. Kh3 Rf1 30. e6 1-0

[Event "Rapid Tournament"]
[Site "Biel, Switzerland"]
[Date "2021.07.25"]
[Round "1.4"]
[White "Pichot, Alan"]
[Black "Gelfand, Boris"]
[Result "1-0"]
[TimeControl "15min + 5 sec per move"]
[WhiteTitle "GM"]
[BlackTitle "GM"]
[WhiteFideId "110973"]
[BlackFideId "2805677"]
[WhiteElo "2533"]
[BlackElo "2702"]

1. e4 c5 2. Nf3 Nc6 3. d4 cxd4 4. Nxd4 Nf6 5. Nc3 e5 6. Ndb5 d6 7. Nd5 Nxd5 8. exd5 Nb8 9. c4 Be7 10.
Bd3 a6 11. Nc3 O-O 12. O-O f5 13. f3 Nd7 14. a3 b6 15. Kh1 Rb8 16. Be3 Bg5 17. Bg1 Qf6 18. Qc2 Nc5 19. Be2 Qh6 20.
b4 Nd7 21. Rad1 Nf6 22. Bd3 Nh5 23. Ne2 Be3 24. Bxe3 Qxe3 25. Qd2 Qxd2 26. Rxd2 Bd7 27. Rc1 Nf6 28. Kg1 e4 29. Bb1 Rbc8 30.
Rc3 Rfe8 31. Kf1 a5 32. Rd4 axb4 33. axb4 Ra8 34. Bc2 Ra2 35. Rd1 Rb2 36. Rb1 Rxb1+ 37. Bxb1 Ra8 38. Kf2 Ra4 39. Rb3 exf3 40. gxf3 b5 41.
Bd3 Ra2 42. cxb5 Kf8 43. b6 Ra8 44. Nc3 Rb8 45. Ke3 Rxb6 46. Kd4 Ke7 47. b5 Kd8 48. Ra3 Kc7 49. Ra7+ Rb7 50. Ra6 Rb6 51. Ra1 Rb8 52. Re1 Re8 53. Ra1 Kb7 54. Ra6 Kc7 55. Na4 Rb8 56. b6+ Kd8 57. Nc3 Bc8 58. b7 Rxb7 59. Rxd6+ Ke7 60. Rc6 Bd7 61. Ra6 Rb2 62. d6+ Kf7 63.
Bc4+ Kg6 64. Nd5 Nxd5 65. Bxd5 Rxh2 66. Ra7 Rd2+ 67. Ke5 Re2+ 68. Kf4 Bb5 69. Rb7 Ba4 70. d7 Bxd7 71. Rxd7 Kh6 72.
Kxf5 Re8 73. f4 g6+ 74. Kf6 Rf8+ 75. Bf7 Rb8 1-0

[ePGN "0.1;DGT LiveChess/2.2.5"]

[Event "Rapid Tournament"]
[Site "Biel, Switzerland"]
[Date "2021.07.25"]
[Round "2.1"]
[White "Pichot, Alan"]
[Black "Studer, Noël"]
[Result "1-0"]
[TimeControl "15min + 5 sec per move"]
[WhiteTitle "GM"]
[BlackTitle "GM"]
[WhiteFideId "110973"]
[BlackFideId "1319620"]
[WhiteElo "2533"]
[BlackElo "2431"]

1. e4 c5 2. Nf3 Nc6 3. d4 cxd4 4. Nxd4 Nf6 5. Nc3 e5 6. Ndb5 d6 7. Nd5 Nxd5 8. exd5 Nb8 9. c4 Be7 10. Bd3 O-O 11. O-O a6 12.
Nc3 Nd7 13. Qc2 g6 14. Bh6 Re8 15. b4 f5 16. Rad1 Bf6 17. c5 dxc5 18. d6 b6 19. Nd5 Ra7 20. Nc7 Rxc7 21. dxc7 Qxc7 22.
Qc4+ Kh8 23. Qf7 Qd8 24. Bxa6 Re7 25. Qxf6+ 1-0

[Event "Rapid Tournament"]
[Site "Biel, Switzerland"]
[Date "2021.07.25"]
[Round "2.2"]
[White "Gelfand, Boris"]
[Black "Nihal, Sarin"]
[Result "0-1"]
[TimeControl "15min + 5 sec per move"]
[WhiteTitle "GM"]
[BlackTitle "GM"]
[WhiteFideId "2805677"]
[BlackFideId "25092340"]
[WhiteElo "2702"]
[BlackElo "2418"]

1. Nf3 d5 2. d4 Nf6 3. c4 e6 4.
g3 Be7 5. Bg2 O-O 6. O-O dxc4 7. Qc2 b5 8. a4 b4 9. Ne5 Qxd4 10. Bxa8 Qxe5 11. Bf4 Qh5 12. Bf3 Ng4 13.
Bxg4 Qxg4 14. Nd2 e5 15. Bxe5 Nc6 16. Nxc4 Qe6 17. Bxg7 Kxg7 18. Rfd1 Bf6 19. e3 Ne5 20. Nxe5 Qxe5 21. Rac1 Qxb2 22. Qxc7 Bg4 23.
Rb1 Qa2 24. Rf1 Bh3 25. Rxb4 Qe2 26. Rbb1 Rc8 27. Qb7 Rc2 28. a5 a6 29. Qe4 Bxf1 30. Rxf1 Ra2 31. Qf5 h6 32. Rc1 Qb5 33. Qg4+ Qg5 34. Qf3 Rxa5 35.
Rc4 Qd5 36. Rg4+ Kf8 37. Re4 Kg7 38. Rg4+ Kf8 39. Re4 Qd6 40.
Rf4 Kg7 41. Rg4+ Rg5 42. h4 Rxg4 43.
Qxg4+ Kf8 44. Qc8+ Kg7 45. Qg4+ Kf8 46. Qc8+ Bd8 47. e4 a5 48. e5 Qd1+ 49. Kh2 Qd5 50. f4 a4 51. Qa6 Qd2+ 52. Kh3 Qd7+ 53. Kh2 Kg7 54. f5 Qxf5 55. Qxa4 Qxe5 56. Qg4+ Kf8 57. Qc8 Qe2+ 58. Kh1 Qd1+ 59. Kg2 Qd5+ 60.
Kh2 h5 61. Qc3 Kg8 62. Qe3 Kg7 63. Qc3+ Bf6 64. Qe3 Qa2+ 65. Kh1 Qa1+ 66. Kg2 Qb2+ 67. Kh1 Qd4 68. Qf3 Qg4 69. Qe3 Bd4 0-1

[Event "Rapid Tournament"]
[Site "Biel, Switzerland"]
[Date "2021.07.25"]
[Round "2.3"]
[White "Alekseenko, Kirill"]
[Black "Keymer, Vincent"]
[Result "1-0"]
[TimeControl "15min + 5 sec per move"]
[WhiteTitle "GM"]
[BlackTitle "GM"]
[WhiteFideId "4135539"]
[BlackFideId "12940690"]
[WhiteElo "2661"]
[BlackElo "2543"]

1. e4 c6 2. d4 d5 3. e5 Bf5 4. Nd2 e6 5. Nb3 Nd7 6. Nf3 Qc7 7. Be2 c5 8. c3 h6 9. Be3 c4 10.
Nbd2 b5 11. O-O Bh7 12. g3 Ne7 13. Nh4 Nf5 14. Nxf5 Bxf5 15. g4 Bh7 16. f4 Nb6 17. b3 Ba3 18. bxc4 bxc4 19. f5 Bb2 20.
Rb1 Bxc3 21. Qc1 Bxd2 22. Bxd2 Qd7 23.
Qa3 Nc8 24. Bd1 Qe7 25. Ba4+ Kd8 26. Bb4 Qc7 27. Bd6 Nxd6 28. exd6 1-0

[Event "Rapid Tournament"]
[Site "Biel, Switzerland"]
[Date "2021.07.25"]
[Round "2.4"]
[White "Lagarde, Maxime"]
[Black "Kamsky, Gata"]
[Result "0-1"]
[TimeControl "15min + 5 sec per move"]
[WhiteTitle "GM"]
[BlackTitle "GM"]
[WhiteFideId "662399"]
[BlackFideId "2000024"]
[WhiteElo "2684"]
[BlackElo "2701"]

1. e4 c6 2. d4 d5 3. e5 Bf5 4.
h4 h6 5.
Bd3 Bxd3 6. cxd3 e6 7. h5 c5 8. dxc5 Bxc5 9. Qg4 Ne7 10. d4 Bb4+ 11. Nc3 Nf5 12. Nge2 Nc6 13. Ng3 Nfxd4 14. Qxg7 Kd7 15. Qxf7+ Qe7 16. Qxe7+ Bxe7 17. O-O Nxe5 18. f4 Rag8 19. fxe5 Rxg3 20. Bf4 Rg4 21. g3 Rhg8 22. Kh2 Bh4 23.
Rad1 Nf5 24. Ne4 Ke7 25. Nd6 Nxg3 26. Bg5+ Bxg5 27. Rf7+ Kd8 28. Rxb7 Nf5 29. Nxf5 exf5 30. Rxd5+ Kc8 0-1

[ePGN "0.1;DGT LiveChess/2.2.5"]

[Event "Rapid Tournament"]
[Site "Biel, Switzerland"]
[Date "2021.07.25"]
[Round "3.1"]
[White "Studer, Noël"]
[Black "Lagarde, Maxime"]
[Result "1/2-1/2"]
[TimeControl "15min + 5 sec per move"]
[WhiteTitle "GM"]
[BlackTitle "GM"]
[WhiteFideId "1319620"]
[BlackFideId "662399"]
[WhiteElo "2431"]
[BlackElo "2684"]

1. d4 f5 2. c4 Nf6 3. g3 g6 4.
Bg2 Bg7 5. Nf3 O-O 6. O-O d6 7. Nc3 Nc6 8. d5 Ne5 9. Nxe5 dxe5 10. Qb3 h6 11.
c5 Kh8 12. Rd1 g5 13. Qa3 Qe8 14. Bd2 e4 15. Rac1 Qh5 16. c6 bxc6 17. dxc6 e5 18. Nb5 f4 19. Bb4 Bg4 20. f3 fxg3 21.
hxg3 exf3 22. exf3 e4 23.
Rf1 exf3 24. Bxf3 Bxf3 25. Qxf3 Ng4 26. Qh1 Rxf1+ 27. Rxf1 Qxh1+ 28. Kxh1 Rb8 29. Bc3 Rxb5 30. Rf8+ Kh7 31. Rf7 Ne5 32. Rxc7 Rc5 33. Rxa7 Kg6 34. c7 Bf6 35. Ra5 Rxc7 36. Bxe5 Rc1+ 37. Kg2 Rc2+ 38. Kf3 Bxe5 39. Rxe5 Rxb2 40. Re6+ Kf5 41. Rxh6 Rxa2 42. g4+ Ke5 43. Rb6 Ra3+ 44.
Kg2 Re3 45. Kf2 Rd3 46. Ra6 Ke4 47.
Kg2 Rd4 48. Kg3 Rd3+ 49. Kg2 Ke5 1/2-1/2

[Event "Rapid Tournament"]
[Site "Biel, Switzerland"]
[Date "2021.07.25"]
[Round "3.2"]
[White "Kamsky, Gata"]
[Black "Alekseenko, Kirill"]
[Result "1-0"]
[TimeControl "15min + 5 sec per move"]
[WhiteTitle "GM"]
[BlackTitle "GM"]
[WhiteFideId "2000024"]
[BlackFideId "4135539"]
[WhiteElo "2701"]
[BlackElo "2661"]

1. g3 e5 2. Bg2 Nc6 3. c4 g6 4. Nc3 d6 5. d3 Bg7 6. e4 Nf6 7. Nge2 h5 8. h3 Nh7 9. Be3 Nd4 10.
f4 c6 11. Qd2 Be6 12. O-O Qd7 13. Kh2 O-O 14. Rf2 f5 15. Raf1 Rae8 16. fxe5 dxe5 17. exf5 Nxf5 18. Ne4 b6 19.
N2c3 h4 20. gxh4 Nxh4 21. Rxf8+ Rxf8 22. Rxf8+ Bxf8 23. Nf2 Nxg2 24. Kxg2 Nf6 25. Bg5 Nh5 26.
Nce4 Bg7 27. b3 Bf5 28. Qe3 Qd4 29. Qxd4 exd4 30. Kf3 Bd7 31. Be7 Kf7 32. Bd6 b5 33. Bb8 a6 34. Ng4 bxc4 35.
bxc4 Ke7 36. a4 Bc8 37. a5 Ke6 38. h4 Ke7 39. Ne5 Bf5 40. Nxc6+ Kd7 41. Nb4 Nf6 42. Nc5+ Kc8 43. Nbxa6 Bf8 44.
Be5 Nd7 45. Bxd4 Bxc5 46. Bxc5 Kb7 47. Nb4 Nxc5 48. d4 Nb3 49. a6+ Ka7 50. Ke3 Na5 51. c5 Nb3 52. c6 Kb6 53. d5 Nc5 54. d6 Nxa6 55. d7 Bxd7 56. cxd7 Kc7 57. Nxa6+ 1-0

[Event "Rapid Tournament"]
[Site "Biel, Switzerland"]
[Date "2021.07.25"]
[Round "3.3"]
[White "Keymer, Vincent"]
[Black "Gelfand, Boris"]
[Result "0-1"]
[TimeControl "15min + 5 sec per move"]
[WhiteTitle "GM"]
[BlackTitle "GM"]
[WhiteFideId "12940690"]
[BlackFideId "2805677"]
[WhiteElo "2543"]
[BlackElo "2702"]

1. d4 Nf6 2. c4 e6 3. Nf3 d5 4. Nc3 c6 5. Bg5 h6 6. Bxf6 Qxf6 7. e3 Nd7 8. Be2 dxc4 9. Bxc4 g6 10.
O-O Bg7 11. e4 O-O 12. Re1 e5 13.
d5 Rd8 14. h3 b5 15. dxc6 bxc4 16.
Nd5 Qe6 17. cxd7 Rxd7 18. Qc2 Bb7 19. Ne3 Rc8 20. Rad1 Rd3 21. Rxd3 cxd3 22. Qxd3 Qxa2 23. b3 Qa5 24. Nc4 Qc7 25.
Qd6 Qxd6 26. Nxd6 Rb8 27. Ra1 Bf8 28. Nxb7 Rxb7 29. Nxe5 Rxb3 30. Rxa7 Bd6 31.
Ra8+ Kg7 32. f4 Rb4 33. Rd8 Bc5+ 34.
Kh2 Rxe4 35. Nd3 Bd4 36. Rd5 Kf6 37. h4 h5 38. Rb5 Re3 39. Nb4 Ke6 40. Nd5 Rd3 41. Nc7+ Kd7 42. Nd5 Bf2 43.
Nf6+ Kc6 44. Rb1 Bxh4 45. Ne4 Kd5 46. Ng5 Bg3+ 47. Kg1 Bxf4 48. Nxf7 Ke6 49. Rb7 g5 50. Nh8 Bg3 51. Rb1 g4 52.
Ng6 Kf6 53. Nf8 Bd6 54. Rf1+ Kg5 55. Nh7+ Kh4 56. Nf6 Be5 57. Ne4 Re3 58. Nf2 Bd4 59. Rd1 Bb6 60. Kh1 Kg3 61. Nd3 Re2 62. Nb4 Be3 63. Nd5 Bg5 64.
Nc3 Re3 65. Nd5 Re5 66. Nc3 Kf2 67. Rb1 Bd2 68. Nb5 h4 69. Nd6 Bf4 70. Rb2+ Kf1 71. Rb1+ Ke2 72. Rb4 Bg3 73. Re4+ Kf2 74. Rxe5 Bxe5 75. Nf5 Bf6 76. Kh2 Bg5 77. Kh1 Bd8 78.
Kh2 Bg5 79. Kh1 Ke2 80. Kh2 Kd3 81.
Kh1 Ke4 82. Nxh4 Bxh4 83. Kh2 Ke3 84. Kh1 Kf2 85. Kh2 Bg3 86. Kh1 Bc7 0-1

[Event "Rapid Tournament"]
[Site "Biel, Switzerland"]
[Date "2021.07.25"]
[Round "3.4"]
[White "Nihal, Sarin"]
[Black "Pichot, Alan"]
[Result "1/2-1/2"]
[TimeControl "15min + 5 sec per move"]
[WhiteTitle "GM"]
[BlackTitle "GM"]
[WhiteFideId "25092340"]
[BlackFideId "110973"]
[WhiteElo "2418"]
[BlackElo "2533"]

1. d4 Nf6 2. Bf4 d5 3. e3 c5 4. c3 Qb6 5. Qb3 c4 6. Qc2 g6 7. Nd2 Bg7 8. Ngf3 Bf5 9. Qc1 O-O 10.
Be2 Nc6 11. h3 Rfc8 12. O-O Qd8 13. Re1 b5 14. Bd1 a5 15. Bc2 b4 16. Ne5 Bxc2 17. Qxc2 Qb6 18. Nxc6 Rxc6 19. Be5 e6 20.
e4 dxe4 21. Bxf6 Bxf6 22. Nxe4 Be7 23. Rad1 Qb5 24. Nd2 Rd8 25. Re5 Rd5 26. Rxd5 exd5 27. Re1 Bf6 28. Nf3 Rc8 29. g4 Re8 30. Rxe8+ 1/2-1/2

[ePGN "0.1;DGT LiveChess/2.2.5"]

[Event "Rapid Tournament"]
[Site "Biel, Switzerland"]
[Date "2021.07.25"]
[Round "4.1"]
[White "Nihal, Sarin"]
[Black "Studer, Noël"]
[Result "0-1"]
[TimeControl "15min + 5 sec per move"]
[WhiteTitle "GM"]
[BlackTitle "GM"]
[WhiteFideId "25092340"]
[BlackFideId "1319620"]
[WhiteElo "2418"]
[BlackElo "2431"]

1. b3 d5 2. Bb2 Bf5 3. d3 e6 4.
Nd2 Nf6 5. g3 h6 6. Bg2 Be7 7.
e4 Bh7 8. Nh3 a5 9. a3 O-O 10.
O-O a4 11. b4 c5 12. bxc5 Bxc5 13. exd5 Nxd5 14. d4 Be7 15. c4 Qb6 16. Ra2 Nf6 17. Re1 Nbd7 18. Bc3 Qc7 19. Rb2 Nb6 20.
Qa1 Ra7 21. Bb4 Nc8 22. Nf4 Rd8 23. d5 e5 24. Ne2 Bxb4 25. Rxb4 Nd6 26. Qxe5 Nd7 27. Qc3 Nc5 28. Nf4 Raa8 29. Nh5 f6 30. Nf4 Bf5 31. Ne6 Qe7 32. Qe3 Nd3 33. Nxd8 Qxe3 34. Rxe3 Nxb4 35. Nxb7 Nxb7 36. axb4 a3 37. Nb3 Ra4 38. c5 Rxb4 39. d6 a2 40. Bd5+ Kh7 41. Kg2 Nxc5 42.
Na1 Rb1 43. Bxa2 Rxa1 44. Bc4 Rd1 45. Rc3 Ne4 46. Re3 Nxd6 47. Be2 Rd4 48. f3 Bg6 49. Rc3 Rd2 50. Kf1 Nf5 51. Ke1 Rb2 52. Rc4 Ne3 53. Rc8 Nc2+ 54.
Kf1 Nd4 55. Bc4 h5 56. h4 Nxf3 57. Bg8+ Kh6 58. Bc4 Nd2+ 59. Ke1 Nxc4 0-1

[Event "Rapid Tournament"]
[Site "Biel, Switzerland"]
[Date "2021.07.25"]
[Round "4.2"]
[White "Pichot, Alan"]
[Black "Keymer, Vincent"]
[Result "0-1"]
[TimeControl "15min + 5 sec per move"]
[WhiteTitle "GM"]
[BlackTitle "GM"]
[WhiteFideId "110973"]
[BlackFideId "12940690"]
[WhiteElo "2533"]
[BlackElo "2543"]

1. e4 c6 2. Nf3 d5 3. d3 dxe4 4. dxe4 Qxd1+ 5. Kxd1 Nd7 6. a4 Ngf6 7. Nbd2 Nc5 8.
Bd3 g6 9. b4 Nxd3 10. cxd3 a5 11. bxa5 Rxa5 12. Bb2 Bg7 13. Bc3 Ra6 14. Kc2 O-O 15. Rhb1 Rd8 16. Nb3 Ng4 17. Rf1 c5 18.
h3 Nf6 19. Ne5 Nd7 20. Nc4 b6 21. Rfb1 Bb7 22. a5 b5 23. Ncd2 Rd6 24. Bxg7 Kxg7 25. f4 e5 26. g3 Ba6 27. Nc1 f6 28. Ra3 b4 29. Rab3 Nb8 30. fxe5 fxe5 31. Kb2 Nc6 32. Ra1 Nd4 33. Nc4 Rf6 34. Ka2 Bxc4 35. dxc4 Nxb3 36. Kxb3 Rf1 37. a6 Ra8 38. Kb2 Ra7 39. Ra5 Rf2+ 40.
Kb3 Rf3+ 41. Kb2 Rf6 42. Nb3 Raxa6 43. Rxa6 Rxa6 44. Nxc5 Ra3 45. Ne6+ Kf7 46. Nc7 Rxg3 47. Nd5 Ke6 48. c5 Kd7 0-1

[Event "Rapid Tournament"]
[Site "Biel, Switzerland"]
[Date "2021.07.25"]
[Round "4.3"]
[White "Gelfand, Boris"]
[Black "Kamsky, Gata"]
[Result "0-1"]
[TimeControl "15min + 5 sec per move"]
[WhiteTitle "GM"]
[BlackTitle "GM"]
[WhiteFideId "2805677"]
[BlackFideId "2000024"]
[WhiteElo "2702"]
[BlackElo "2701"]

1. d4 Nf6 2. c4 e6 3. Nf3 b6 4. g3 Bb4+ 5. Bd2 Bxd2+ 6. Qxd2 Bb7 7. Bg2 d6 8. O-O Nbd7 9. d5 e5 10.
Nc3 O-O 11. e4 a5 12. Ne1 Nc5 13. Nc2 Re8 14. Rae1 c6 15. dxc6 Bxc6 16. f3 Qc7 17. Ne3 Rad8 18. Rd1 g6 19.
Bh3 Kh8 20. Rf2 Rf8 21. Qe1 Qb8 22. Rfd2 Ne8 23. Nb5 f5 24. exf5 Bxf3 25. fxg6 hxg6 26. Rc1 Ne4 27. Rdc2 Ng5 28. Bg2 Bxg2 29. Kxg2 Qb7+ 30. Nd5 Nf6 31. Nbc7 Qc8 32.
Nxf6 Qh3+ 33. Kh1 Rxf6 34. Nd5 Rf3 35. Rf2 Rdf8 36. Rxf3 Rxf3 37. Qe2 Rxg3 38. Rf1 Ne4 39. Rf8+ Kg7 40. Qf1 Qxf1+ 41. Rxf1 Rd3 42. Nc7 Rd2 43.
Ne6+ Kh6 44. Re1 Nf2+ 45. Kg1 Rxb2 46. Re3 g5 47. Rf3 Ne4 48. Re3 Nd2 49. Rg3 g4 50. h3 gxh3 51. Rxh3+ Kg6 0-1

[Event "Rapid Tournament"]
[Site "Biel, Switzerland"]
[Date "2021.07.25"]
[Round "4.4"]
[White "Alekseenko, Kirill"]
[Black "Lagarde, Maxime"]
[Result "0-1"]
[TimeControl "15min + 5 sec per move"]
[WhiteTitle "GM"]
[BlackTitle "GM"]
[WhiteFideId "4135539"]
[BlackFideId "662399"]
[WhiteElo "2661"]
[BlackElo "2684"]

1. e4 e6 2. d4 d5 3. e5 c5 4. c3 Nc6 5.
Nf3 Bd7 6. Bd3 cxd4 7. cxd4 Qb6 8. O-O Nxd4 9. Nxd4 Qxd4 10. Nc3 a6 11. Re1 Rc8 12. a3 Bc5 13. Be3 Qh4 14. g3 Qd8 15. Bxc5 Rxc5 16. Qg4 g6 17.
Rac1 Ne7 18. h4 Rc7 19. h5 Bc6 20. Ne2 Bd7 21. Nd4 Rxc1 22. Rxc1 Nc6 23. Nf3 f5 24. Qf4 gxh5 25. b4 Qe7 26. b5 axb5 27. Bxb5 Rg8 28. Qh6 Qf7 29.
Be2 Rg6 30. Qxh5 Rxg3+ 0-1

[ePGN "0.1;DGT LiveChess/2.2.5"]

[Event "Rapid Tournament"]
[Site "Biel, Switzerland"]
[Date "2021.07.25"]
[Round "5.1"]
[White "Studer, Noël"]
[Black "Alekseenko, Kirill"]
[Result "0-1"]
[TimeControl "15min + 5 sec per move"]
[WhiteTitle "GM"]
[BlackTitle "GM"]
[WhiteFideId "1319620"]
[BlackFideId "4135539"]
[WhiteElo "2431"]
[BlackElo "2661"]

1. d4 d5 2. c4 dxc4 3. Nf3 a6 4. e3 Bg4 5. Bxc4 e6 6. Nc3 Nc6 7. h3 Bh5 8. O-O Nf6 9. Re1 Bd6 10.
Bf1 O-O 11. g4 Bg6 12. e4 Bb4 13. Bg5 Qd7 14. d5 Bxc3 15. bxc3 exd5 16. Bxf6 gxf6 17. exd5 Na5 18. c4 b6 19. Qd4 Qd6 20. Re3 Rfe8 21.
Rae1 Rxe3 22. Rxe3 Rd8 23. Nd2 Nb7 24. h4 h6 25. Rf3 Qe5 26. Nb3 c5 27. Qd2 Kg7 28. a4 a5 29. Rg3 Nd6 30. f4 Qe8 31. Re3 Qxa4 32. f5 Nxc4 33. Bxc4 Qxc4 34.
fxg6 Qxg4+ 35. Kh2 Qxh4+ 36. Rh3 Qg5 37. Qe2 Rxd5 38. Rg3 Qh5+ 0-1

[Event "Rapid Tournament"]
[Site "Biel, Switzerland"]
[Date "2021.07.25"]
[Round "5.2"]
[White "Lagarde, Maxime"]
[Black "Gelfand, Boris"]
[Result "1-0"]
[TimeControl "15min + 5 sec per move"]
[WhiteTitle "GM"]
[BlackTitle "GM"]
[WhiteFideId "662399"]
[BlackFideId "2805677"]
[WhiteElo "2684"]
[BlackElo "2702"]

1. e4 c5 2. Nf3 Nc6 3. Nc3 g6 4. d4 cxd4 5. Nxd4 Bg7 6. Be3 Nf6 7. Bc4 O-O 8.
Bb3 d6 9. h3 Na5 10. O-O b6 11. Re1 Bb7 12. Bg5 Nxb3 13. cxb3 h6 14. Bh4 Qd7 15. Qd2 Rac8 16. Rad1 Kh7 17.
Ndb5 a6 18. e5 dxe5 19. Qxd7 Nxd7 20. Bxe7 Rfe8 21. Bb4 axb5 22. Rxd7 Bc6 23. Rxf7 Kg8 24. Ra7 e4 25. Nd1 Ra8 26.
Rxa8 Rxa8 27. a3 Bd5 28. Bc3 Bxb3 29.
Bxg7 Kxg7 30. Nc3 Bc2 31. Nxb5 Kf6 32. Nc3 Kf5 33. Nd5 Bd3 34. Rc1 b5 35. Rc5 Ke5 36. Ne3+ Kd6 37. Rd5+ Ke6 38. Rc5 Kd6 39. Rc3 Rf8 40. Ng4 h5 41. Ne3 Ra8 42. h4 Rf8 43. g3 Ra8 44. Ng2 Bc4 45. Nf4 Bf7 46. Kf1 b4 47. axb4 Rb8 48. Rc2 Rxb4 49. Rd2+ Ke5 50.
Ke2 Rb3 51. Ng2 Bc4+ 52. Kd1 Rb6 53. Ne3 Be6 54. Kc1 Ra6 55. Nc2 Bb3 56. Kb1 Ba2+ 57. Kc1 Bb3 58. Re2 Rc6 59. Kb1 Bc4 60. Rd2 Bd3 61. b3 Kf5 62. Rxd3 exd3 63. Nd4+ Ke4 64. Nxc6 Kf3 65. Ne5+ Kxf2 66. Nxd3+ Kxg3 67. b4 g5 68. hxg5 1-0

[Event "Rapid Tournament"]
[Site "Biel, Switzerland"]
[Date "2021.07.25"]
[Round "5.3"]
[White "Kamsky, Gata"]
[Black "Pichot, Alan"]
[Result "1-0"]
[TimeControl "15min + 5 sec per move"]
[WhiteTitle "GM"]
[BlackTitle "GM"]
[WhiteFideId "2000024"]
[BlackFideId "110973"]
[WhiteElo "2701"]
[BlackElo "2533"]

1. d4 Nf6 2. Nf3 d5 3. Bf4 c5 4. e3 Nc6 5. Nbd2 Qb6 6. dxc5 Qxb2 7. Rb1 Qc3 8. Bb5 g6 9. O-O Bg7 10.
Nd4 Qxc5 11. N2b3 Qb6 12. Na5 Qxa5 13. Nxc6 bxc6 14. Bxc6+ Bd7 15. Bxa8 O-O 16. Bb7 Bb5 17. Qe1 Qa4 18.
Rb4 Qa5 19. Bc7 Qxc7 20. Rxb5 e6 21. Qa5 Qxc2 22. Rc5 Qb2 23. Qxa7 Ne4 24. Rc6 Bc3 25. Rb6 Qc2 26. Qa3 Be5 27.
Rc6 Qe2 28. Ba6 Qh5 29. h3 Bb8 30. Qb2 Be5 31. Qc2 Bb8 32. Bd3 Nf6 33. Qb2 Be5 34. Qe2 Qh4 35. Rfc1 Qa4 36. Rc8 Rxc8 37.
Rxc8+ Kg7 38. Rc1 Qa3 39. Rb1 Bc7 40.
g3 Be5 41. Rb7 h5 42. Qc2 Qa5 43. Kg2 d4 44. e4 h4 45. Rb5 Qe1 46. Rxe5 hxg3 47. fxg3 Nd5 48. Rxd5 exd5 49. exd5 1-0

[Event "Rapid Tournament"]
[Site "Biel, Switzerland"]
[Date "2021.07.25"]
[Round "5.4"]
[White "Keymer, Vincent"]
[Black "Nihal, Sarin"]
[Result "0-1"]
[TimeControl "15min + 5 sec per move"]
[WhiteTitle "GM"]
[BlackTitle "GM"]
[WhiteFideId "12940690"]
[BlackFideId "25092340"]
[WhiteElo "2543"]
[BlackElo "2418"]

1. Nf3 g6 2. d4 Bg7 3. c4 d6 4. Nc3 Nc6 5. d5 Ne5 6. Nxe5 Bxe5 7. e4 Bg7 8. Be2 Nf6 9. Be3 O-O 10.
Qd2 Re8 11. f3 a6 12. h4 c5 13. g4 e6 14. dxe6 Bxe6 15. h5 b5 16. hxg6 fxg6 17. cxb5 d5 18. exd5 Nxd5 19. Bg5 Qd7 20.
Ne4 Bd4 21. bxa6 Rab8 22. Rb1 Bxg4 23. a7 Qxa7 24. Bc4 Qf7 25. Qh2 h5 26. fxg4 Rxe4+ 27. Kd1 Rd8 28. Rf1 Ne3+ 29. Kd2 Qxc4 30.
Bxd8 Qc2+ 0-1

[ePGN "0.1;DGT LiveChess/2.2.5"]

[Event "Rapid Tournament"]
[Site "Biel, Switzerland"]
[Date "2021.07.25"]
[Round "6.1"]
[White "Keymer, Vincent"]
[Black "Studer, Noël"]
[Result "1-0"]
[TimeControl "15min + 5 sec per move"]
[WhiteTitle "GM"]
[BlackTitle "GM"]
[WhiteFideId "12940690"]
[BlackFideId "1319620"]
[WhiteElo "2543"]
[BlackElo "2431"]

1. Nf3 d5 2. e3 Nf6 3.
c4 e6 4. Nc3 dxc4 5. Bxc4 a6 6.
a4 c5 7.
b3 Nc6 8. Bb2 Be7 9. O-O O-O 10. Ne2 Rb8 11. Ng3 b5 12. axb5 axb5 13. Be2 Qb6 14. Qb1 Bb7 15. Ng5 g6 16.
N5e4 Nxe4 17. Nxe4 f5 18. Nc3 Bf6 19. Rc1 Ba6 20. Bf1 Rfd8 21. Nd5 Rxd5 22. Bxf6 e5 23. Qb2 Rf8 24. Bg5 Nb4 25.
d4 exd4 26. exd4 f4 27. Be7 Rff5 28. Bxc5 Qd8 29. Bxb4 Rh5 30. Qe2 Bb7 31. Qe7 Qb8 32. Rc7 1-0

[Event "Rapid Tournament"]
[Site "Biel, Switzerland"]
[Date "2021.07.25"]
[Round "6.2"]
[White "Nihal, Sarin"]
[Black "Kamsky, Gata"]
[Result "1/2-1/2"]
[TimeControl "15min + 5 sec per move"]
[WhiteTitle "GM"]
[BlackTitle "GM"]
[WhiteFideId "25092340"]
[BlackFideId "2000024"]
[WhiteElo "2418"]
[BlackElo "2701"]

1. b3 d5 2. Bb2 Bf5 3. d3 e6 4. Nd2 Nf6 5. g3 a5 6. a3 h6 7. Bg2 Bh7 8. e4 c6 9. Nh3 Be7 10.
O-O Na6 11. Nf4 O-O 12. Re1 b5 13. Qe2 Nc5 14. Rad1 Rc8 15. h4 Re8 16. e5 Nfd7 17. d4 Na6 18. c4 Nc7 19. c5 f6 20.
Bh3 Bf8 21. exf6 Qxf6 22. Nf3 Be4 23. Ne5 Nxe5 24. dxe5 Qf7 25. Bd4 Be7 26. f3 Bh7 27. Ng2 Rf8 28. Rf1 Ra8 29. Kh2 Na6 30.
Rc1 Nc7 31. Qe3 Qg6 32. Rcd1 b4 33. a4 Qf7 34. Rd2 Kh8 35. Rdf2 Qg6 36. Nf4 Qf7 37. Ng2 Qg6 38. Rd2 Qf7 39.
g4 h5 40. g5 Bf5 41. f4 g6 42. Bxf5 Qxf5 43. Qh3 Qxh3+ 44. Kxh3 Kg8 45. Kg3 Ne8 46. Ne3 Ng7 47. Rdf2 Kf7 48.
Re2 Ke8 49. Ref2 Kd7 50. Re2 Rh8 1/2-1/2

[Event "Rapid Tournament"]
[Site "Biel, Switzerland"]
[Date "2021.07.25"]
[Round "6.3"]
[White "Pichot, Alan"]
[Black "Lagarde, Maxime"]
[Result "0-1"]
[TimeControl "15min + 5 sec per move"]
[WhiteTitle "GM"]
[BlackTitle "GM"]
[WhiteFideId "110973"]
[BlackFideId "662399"]
[WhiteElo "2533"]
[BlackElo "2684"]

1. e4 e6 2. d4 d5 3. Nc3 Bb4 4. e5 Ne7 5. a3 Bxc3+ 6.
bxc3 c5 7. h4 Qc7 8. h5 cxd4 9. cxd4 Qc3+ 10. Bd2 Qxd4 11. Nf3 Qe4+ 12. Be2 Nf5 13. Rb1 b6 14. O-O Ba6 15. Bd3 Qa4 16.
Rb4 Qd7 17. c4 Nc6 18. Bxf5 exf5 19. h6 gxh6 20. Re1 Bxc4 21. Rb2 Rg8 22. Bf4 O-O-O 23. Qd2 Kb7 24. a4 d4 25. Rc1 Qd5 26. Ne1 d3 27. a5 b5 28. Qc3 Ka8 29. Rd2 Nd4 30. Be3 Ne2+ 31.
Rxe2 dxe2 32. Qb4 Rxg2+ 33. Nxg2 Rg8 0-1